 Dungeon Crawl Stone Soup version 0.29-a0-323-g050149af67 (console) character file.

Game seed: 17118436662345477734

35 Ignak the Skirmisher (level 3, 0/37 HPs)
             Began as an Ogre Warper on Apr 12, 2022.
             Slain by an adder (3 damage)
             ... on level 2 of the Dungeon.
             The game lasted 00:02:55 (1825 turns).

Ignak the Skirmisher (Ogre Warper)                  Turns: 1825, Time: 00:02:56

Health: 0/37       AC:  3    Str: 17    XL:     3   Next: 33%
Magic:  5/7        EV: 10    Int: 14    God:
Gold:   110        SH:  0    Dex:  8    Spells: 2/7 levels left

rFire   . . .      SeeInvis .   h - +2 falchion (vorpal)
rCold   . . .      Faith    .   (no shield)
rNeg    . . .      Spirit   .   b - +0 robe
rPois   .          Reflect  .   (helmet restricted)
rElec   .          Harm     .   (no cloak)
rCorr   .          Rampage  .   (gloves unavailable)
Will    ++...                   (boots unavailable)
Stlth   +.........              (no amulet)
HPRegen 0.12/turn               g - ring of willpower
MPRegen 0.10/turn               k - ring of willpower

@: lethally poisoned (0 -> -3), on blink cooldown
A: large, unfitting armour, tough skin 1
a: no special abilities


You were on level 2 of the Dungeon.
You visited 1 branch of the dungeon, and saw 2 of its levels.

You collected 110 gold pieces.

Inventory:

Hand Weapons
 a - a +0 mace
 h - a +2 vorpal falchion (weapon)
Missiles
 d - 6 boomerangs of dispersal (quivered)
Armour
 b - a +0 robe (worn)
Jewellery
 g - a ring of willpower (left hand)
 k - a ring of willpower (right hand)
Scrolls
 c - 3 scrolls of blinking
 e - a scroll of holy word {unknown}
 f - 3 scrolls of identify {unknown}
 j - a scroll of vulnerability {unknown}
Potions
 l - a potion of berserk rage {unknown}


   Skills:
 * Level 3.2 Fighting
 * Level 2.2 Maces & Flails
 + Level 1.3 Throwing
 + Level 2.3 Dodging
 + Level 0.0 Unarmed Combat
 + Level 2.7 Spellcasting
 * Level 0.0 Hexes
 + Level 3.0 Translocations


You had 2 spell levels left.
You knew the following spells:

 Your Spells              Type           Power      Damage    Failure   Level
a - Confusing Touch       Hex            1%         N/A       54%         3
b - Blink                 Tloc           20%        N/A       10%         2

Your spell library contained the following spells:

 Spells                   Type           Power      Damage    Failure   Level
 Slow                     Hex            4%         N/A       22%         1
 Ensorcelled Hibernation  Hex/Ice        2%         N/A       32%         2
 Gell's Gravitas          Tloc           10%        N/A       19%         3
 Lesser Beckoning         Tloc           10%        N/A       19%         3
 Teleport Other           Tloc           10%        N/A       19%         3
 Dazzling Flash           Conj/Hex       2%         N/A       54%         3
 Vampiric Draining        Necr           1%         2d6       54%         3
 Iskenderun's Mystic Bla  Conj/Tloc      6%         2d4       75%         4
 Manifold Assault         Tloc           10%        N/A       87%         5


Dungeon Overview and Level Annotations

Branches:
Dungeon (2/15)

Altars:


Innate Abilities, Weirdness & Mutations

You are too large for most types of armour.
You have tough skin. (AC +1)


Message History

The adder bites you but does no damage.
You miss the adder.
You feel sick.
You are no longer poisoned.
The adder bites you. x2
You are poisoned.
The adder poisons you!
You hit the adder.
The adder is moderately wounded.
You feel sick. The adder barely misses you. The adder bites you.
You barely miss the adder.
The adder is moderately wounded.
You feel sick. The adder closely misses you.
You miss the adder.
The adder is moderately wounded.
You feel sick. The adder bites you.
You are more poisoned.
The adder poisons you! The adder bites you.
* * * LOW HITPOINT WARNING * * *
You are lethally poisoned!
The adder poisons you!
Okay, then.
Cast which spell? (? or * to list)
You blink.
* * * LOW HITPOINT WARNING * * *
You feel sick.
Throw: 7 boomerangs (disperse)
Press: ? - help, Q - select action, (/) - cycle Shift-Dir - straight line, f - adder
Aim: an adder (moderately wounded, 32% to hit)
You throw a boomerang of dispersal.
The boomerang of dispersal misses the adder.
* * * LOW HITPOINT WARNING * * *
You feel sick. The adder misses you.
You hit the adder.
The adder is severely wounded.
* * * LOW HITPOINT WARNING * * *
You feel sick. The adder barely misses you. x2
It was a potion of cancellation.
You feel magically purged.
* * * LOW HITPOINT WARNING * * *
You feel sick. The adder bites you.
You die...

#.#...........)........
.........###..#.........
.....####....##......... .....
##.#####.........
.....###..####..........
.........###......)...##
................####..###..##.##
#........$.....S......# #..##.#
#....... .....#@.##. #..##.#
##.......###.........# #[..#.#
............#.....#### ##.....#
#......####..[....## ##.....##
.........##....#.... #.......#
....#.....#.......... #.......#
....#................ #.......#
................##### ##.....##
....#...........## ##.....##


You could see an adder.

Vanquished Creatures
  A dart slug (D:1)
  An endoplasm (D:1)
  2 giant cockroaches (D:1)
  3 hobgoblins (D:1)
  6 kobolds
  2 quokkas
  3 ball pythons
  3 frilled lizards (D:1)
  5 goblins (D:1)
  4 rats
30 creatures vanquished.

Notes
Turn   | Place    | Note
-------+----------+-------------------------------------------
     0 | D:1      | Ignak the Ogre Warper began the quest for the Orb.
     0 | D:1      | Reached XP level 1. HP: 22/22 MP: 3/3
     3 | D:1      | Got the Catalogue of the Entrancing Compass
   278 | D:1      | Reached XP level 2. HP: 23/29 MP: 3/5
   287 | D:1      | Learned a level 2 spell: Blink
  1041 | D:1      | Reached XP level 3. HP: 31/37 MP: 7/7
  1529 | D:2      | Learned a level 3 spell: Confusing Touch
  1825 | D:2      | Slain by an adder

Illustrated notes

Levels and vault maps discovered:
D:1:      lemuel_arrival_room, layout_loops_ring
D:2:      layout_rooms

Skill      XL: |  1  2  3 |
---------------+----------+-----
Fighting       | 3 |  3.2
Maces & Flails | 2 |  2.2
Translocations | 3 |  3.0
Throwing       | |  1.3
Dodging        | |  2.3
Spellcasting   | |  2.7

Action                   || total
-------------------------++-------
Melee: Mace              ||    95
       Punch             ||     1
       Falchion          ||    22
Throw: Boomerang         ||     1
 Cast: Blink             ||     1
  Use: Potion            ||     1
Armor: Robe              ||    34
Dodge: Dodged            ||    62

Table legend: (Time is in decaauts)
 A = Elapsed time spent in this place.
 B = Non-inter-level travel time spent in this place.
 C = Inter-level travel time spent in this place.
 D = Time resting spent in this place.
 E = Time spent auto-exploring this place.
 F = Levels seen in this place.
 G = Mean time per level.
                   A        B        C        D        E       F      G
               +--------+--------+--------+--------+--------+-----+--------+
         Total |   1859 |   1839 |     20 |    280 |   1205 |   2 |  929.5 |
       Dungeon |   1859 |   1839 |     20 |    280 |   1205 |   2 |  929.5 |
               +--------+--------+--------+--------+--------+-----+--------+

Top non-repeatable levels by time:
     D:1: 1537 daAuts
     D:2: 321 daAuts
